 Dungeon Crawl Stone Soup version 0.29-a0-11-ga75d3d97ab (webtiles) character file.

Game seed: 5881191220953498209

107 esteth the Sneak (level 4, -1/21 HPs)
             Began as a Spriggan Enchanter on Jan 28, 2022.
             Slain by a centaur skeleton (4 damage)
             ... on level 4 of the Dungeon.
             The game lasted 00:08:38 (4101 turns).

esteth the Sneak (Spriggan Enchanter)               Turns: 4101, Time: 00:08:38

Health: -1/21      AC:  2    Str:  4    XL:     4   Next: 57%
Magic:  9/9        EV: 17    Int: 18    God:
Gold:   192        SH:  0    Dex: 15    Spells: 3/8 levels left

rFire   . . .      SeeInvis +   a - +1 dagger
rCold   . . .      Faith    .   (no shield)
rNeg    . . .      Spirit   .   b - +0 robe
rPois   .          Reflect  .   (helmet restricted)
rElec   .          Harm     .   (no cloak)
rCorr   .          Rampage  .   (gloves unavailable)
Will    .....                   (boots unavailable)
Stlth   +++.......              (no amulet)
HPRegen 0.07/turn               (no ring)
MPRegen 0.11/turn               (no ring)

@: brilliant, very quick
A: very small, no large weapons, unfitting armour, see invisible, speed 3
a: no special abilities


You were on level 4 of the Dungeon.
You visited 1 branch of the dungeon, and saw 4 of its levels.

You collected 192 gold pieces.

Inventory:

Hand Weapons
 a - a +1 dagger (weapon)
 i - a +0 dagger
Armour
 b - a +0 robe (worn)
Wands
 o - a wand of iceblast (8)
Scrolls
 e - a scroll of fear {unknown}
 g - a scroll of amnesia {unknown}
 h - 3 scrolls of identify {unknown}
 l - a scroll of vulnerability {unknown}
 n - a scroll of immolation {unknown}
Potions
 c - a potion of invisibility
 d - a potion of mutation {unknown}
 f - a potion of brilliance
 j - a potion of cancellation {unknown}
 k - a potion of curing {unknown}
 m - a potion of heal wounds {unknown}
 p - a potion of resistance {unknown}


   Skills:
 - Level 0.2 Fighting
 + Level 3.3 Short Blades
 - Level 2.6 Dodging
 + Level 6.6 Stealth
 - Level 2.6 Spellcasting
 + Level 3.6 Hexes


You had 3 spell levels left.
You knew the following spells:

 Your Spells              Type           Power      Damage    Failure   Level
a - Ensorcelled Hibernat  Hex/Ice        26%        N/A       12%         2
b - Tukima's Dance        Hex            23%        N/A       11%         3

Your spell library contained the following spells:

 Spells                   Type           Power      Damage    Failure   Level
 Confusing Touch          Hex            23%        N/A       11%         3
 Animate Skeleton         Necr           6%         N/A       17%         1
 Apportation              Tloc           6%         N/A       17%         1
 Summon Small Mammal      Summ           12%        N/A       17%         1
 Dazzling Flash           Conj/Hex       26%        N/A       24%         3
 Scorch                   Fire           6%         2d5       26%         2
 Flame Wave               Conj/Fire      3%         2d4       86%         4
 Summon Cactus Giant      Summ           1%         N/A       100%        6


Dungeon Overview and Level Annotations

Branches:
Dungeon (4/15)
 Temple: D:4-7

Altars:

Shops:
D:1 :

Annotations:
D:3 exclusion: downstairs


Innate Abilities, Weirdness & Mutations

You are very small and have problems with some larger weapons.
You are too small for most types of armour.
You have supernaturally acute eyesight. (SInv)
You cover ground extremely quickly. (Speed+++)


Message History

You hit the centaur skeleton but do no damage.
The centaur skeleton misses you.
The centaur skeleton kicks you but does no damage.
You hit the centaur skeleton.
The centaur skeleton is lightly damaged.
The centaur skeleton misses you. x2
You hit the centaur skeleton.
The centaur skeleton is moderately damaged.
The centaur skeleton barely misses you. The centaur skeleton misses you.
You hit the centaur skeleton but do no damage.
The centaur skeleton is moderately damaged.
The centaur skeleton hits you. The centaur skeleton kicks you.
You completely miss the centaur skeleton.
The centaur skeleton is moderately damaged.
The centaur skeleton hits you.
The centaur skeleton kicks you but does no damage.
Casting: Ensorcelled Hibernation (safe; 12% risk of failure)
Confirm with . or Enter, or press ? or * to list all spells.
Aiming: Ensorcelled Hibernation (safe; 12% risk of failure)
Press: ? - help, Shift-Dir - straight line, f - dart slug
Aim: a dart slug (chance to affect: 59%)
The dart slug looks drowsy...
The centaur skeleton misses you.
The centaur skeleton closely misses you.
The centaur skeleton hits you. The centaur skeleton kicks you.
The helpless dart slug fails to defend itself.
You impale the dart slug!!
You kill the dart slug!
The centaur skeleton hits you.
* * * LOW HITPOINT WARNING * * *
The centaur skeleton kicks you but does no damage.
The centaur skeleton hits you.
* * * LOW HITPOINT WARNING * * *
The centaur skeleton kicks you but does no damage.
Things that are here:
a +0 club; 5 poisoned darts; a kobold corpse It was a potion of brilliance.
You feel clever all of a sudden.
There is a stone staircase leading down here.
The centaur skeleton hits you.
You die...

...)..#.....# ...........# ###
..!.............# #.#
...:#..##.......###.####
......###.......#....#.##
..............#...#.....#
..............##..####..#
..............##.## #...##
..>............#@## ###..###
..).#..........Z..### #....#####
#)................>.###...#....#
....#................##...#....##
....#...........................#
..$.........##......##......##.##
............#........#...o.###...
........##..##..........o..()....
........##.###.......#.....o)<#..


You could see a centaur skeleton.

Vanquished Creatures
  An iguana (D:4)
  2 adders (D:3)
  2 dart slugs
  4 orcs
  5 endoplasms
  6 giant cockroaches
  4 goblins
  6 hobgoblins
  3 jackals
  4 quokkas
  A ball python (D:1)
  5 bats
  3 frilled lizards
  7 kobolds
  A rat (D:3)
54 creatures vanquished.

Notes
Turn   | Place    | Note
-------+----------+-------------------------------------------
     0 | D:1      | esteth the Spriggan Enchanter began the quest for the Orb.
     0 | D:1      | Reached XP level 1. HP: 9/9 MP: 5/5
   412 | D:1      | Reached XP level 2. HP: 13/13 MP: 6/6
   437 | D:1      | Learned a level 2 spell: Ensorcelled Hibernation
   458 | D:1      | Reached skill level 5 in Stealth
   613 | D:1      | Found Oboxun Ciesh's Book Boutique.
  1472 | D:2      | You fall into a shaft and drop 1 floor!
  1706 | D:2      | Reached XP level 3. HP: 8/16 MP: 8/8
  2404 | D:3      | Found a faded altar of an unknown god.
  2775 | D:3      | Reached skill level 6 in Stealth
  3303 | D:4      | Reached XP level 4. HP: 21/21 MP: 9/9
  3899 | D:4      | Learned a level 3 spell: Tukima's Dance
  4101 | D:4      | Slain by a centaur skeleton

Illustrated notes

Levels and vault maps discovered:
D:1:      shiori_arrival_elements, layout_basic, serial_shops,
          nicolae_shop_hallway_stairs
D:2:      layout_rooms, minmay_misc_feat_more_columns
D:3:      layout_basic, chequers_ecumenical_altar_simple_redux, minivault_11
D:4:      layout_cave_pools

Skill      XL: |  1  2  3 |
---------------+----------+-----
Stealth        | 5 6 |  6.6
Short Blades   | 2 3 |  3.3
Fighting       | |  0.2
Dodging        | |  2.6
Spellcasting   | |  2.6
Hexes          | |  3.6

Action                   |  1- 3 |  4- 6 || total
-------------------------+-------+-------++-------
Melee: Dagger            |   148 |    38 ||   186
       Punch             |     2 |       ||     2
 Cast: Ensorcelled Hiber |    16 |    10 ||    26
  Use: Potion            |       |     1 ||     1
 Stab: Sleeping          |    21 |     7 ||    28
       Distracted        |     1 |       ||     1
Armor: Robe              |    17 |     5 ||    22
Dodge: Dodged            |   119 |    33 ||   152

Table legend: (Time is in decaauts)
 A = Elapsed time spent in this place.
 B = Non-inter-level travel time spent in this place.
 C = Inter-level travel time spent in this place.
 D = Time resting spent in this place.
 E = Time spent auto-exploring this place.
 F = Levels seen in this place.
 G = Mean time per level.
                   A        B        C        D        E       F      G
               +--------+--------+--------+--------+--------+-----+--------+
         Total |   3314 |   3218 |     96 |   1076 |   1610 |   4 |  828.5 |
       Dungeon |   3314 |   3218 |     96 |   1076 |   1610 |   4 |  828.5 |
               +--------+--------+--------+--------+--------+-----+--------+

Top non-repeatable levels by time:
     D:3: 997 daAuts
     D:1: 970 daAuts
     D:2: 705 daAuts
     D:4: 641 daAuts
